 Dungeon Crawl Stone Soup version 0.27.1-3-gb3d3a73c9e (webtiles) character file.

Game seed: 4461363918251376666

10363 bobarctor the Eclecticist (level 11, -23/53 (57) HPs)
             Began as a Deep Elf Necromancer on Oct 26, 2021.
             Was a Follower of Kikubaaqudgha.
             Hit by a silver javelin thrown by a minotaur (36 damage)
             ... in a Gauntlet.
             The game lasted 01:43:04 (16487 turns).

bobarctor the Eclecticist (Deep Elf Necromancer)   Turns: 16487, Time: 01:43:05

HP:   -23/53 (57)   AC: 12    Str:  5    XL:     11   Next: 35%
MP:   23/33         EV: 12    Int: 24    God:    Kikubaaqudgha [*.....]
Gold: 723           SH:  0    Dex: 11    Spells: 24/42 levels left

rFire    + + .     SeeInvis .   S - +6 flail "Fullovo" {protect, rF++ Will+ Dex-4}
rCold    . . .     Faith    .   (no shield)
rNeg     . . .     Spirit   .   q - +2 leather armour {Will+}
rPois    +         Reflect  .   (no helmet)
rElec    .         Harm     .   E - +0 cloak
rCorr    .         Rampage  .   (no gloves)
Will     +++..     Rnd*Rage +   d - +1 pair of boots Stlth ++........NoTele +
                                O - amulet of regeneration
HPRegen  1.17/turn              k - ring of poison resistance
MPRegen  0.23/turn              I - +4 ring of protection

@: drained
A: hooves 1, berserk 1
a: Renounce Religion, Receive Corpses


You were in a Gauntlet.
You worshipped Kikubaaqudgha.
Kikubaaqudgha was aware of your devotion.
You visited 3 branches of the dungeon, and saw 13 of its levels.
You also visited: Gauntlet.

You collected 775 gold pieces.
You spent 52 gold pieces at shops.

Inventory:

Hand Weapons
 F - a +0 vorpal arbalest
 M - a +0 shortbow
 Q - the +3 long sword of Itubru {flame, rF+ Will+}
   (You found it on level 9 of the Dungeon)

   It burns those it strikes, dealing additional fire damage.
   Big, fiery blades are also staple armaments of hydra-hunters.
   rF:        It protects you from fire.
   Will:      It increases your willpower.
 S - the +6 flail "Fullovo" (weapon) {protect, rF++ Will+ Dex-4}
   (You found it on level 7 of the Dungeon)

   It grants its wielder temporary protection when it strikes (+7 to AC).
   Dex:       It affects your dexterity (-4).
   rF:        It greatly protects you from fire.
   Will:      It increases your willpower.
 Y - a +1 short sword of venom
Missiles
 b - 175 sling bullets
 c - 9 atropa-tipped darts
 f - 9 curare-tipped darts
 i - 322 stones (quivered)
 m - 9 boomerangs
 p - 39 poisoned darts
 x - 216 arrows
 A - 63 bolts
 N - 5 throwing nets
Armour
 d - a +1 pair of boots (worn)
 q - a +2 leather armour of willpower (worn)
 E - a +0 cloak (worn)
Jewellery
 k - a ring of poison resistance (left hand)
 u - a ring of magical power
 v - a ring of wizardry
 y - a ring of resist corrosion
 H - a +4 ring of evasion
 I - a +4 ring of protection (right hand)
 L - a ring of protection from cold
 O - an amulet of regeneration (around neck)
 T - a ring of willpower
 V - a +4 ring of slaying
 Z - a ring of protection from cold
Wands
 g - a wand of polymorph (18)
 D - a wand of iceblast (10)
 K - a wand of mindburst (8)
Scrolls
 l - a scroll of identify
 n - 4 scrolls of amnesia
 o - a scroll of magic mapping
 s - 8 scrolls of teleportation
 z - a scroll of fog
 B - 2 scrolls of vulnerability
 G - a scroll of enchant armour
Potions
 a - a potion of attraction
 e - a potion of lignification
 h - 2 potions of berserk rage
 j - 3 potions of heal wounds
 r - 2 potions of resistance
 t - 5 potions of curing
 w - 2 potions of flight
 C - 2 potions of might
 J - 4 potions of haste
 R - 2 potions of brilliance {unknown}
 W - a potion of invisibility


   Skills:
 + Level 2.1 Fighting
 - Level 2.0 Armour
 + Level 4.2 Dodging
 + Level 3.4 Stealth
 * Level 16.4 Spellcasting
 * Level 2.3 Hexes
 * Level 13.1 Necromancy


You had 24 spell levels left.
You knew the following spells:

 Your Spells              Type           Power      Damage    Failure   Level
a - Pain                  Necr           100%       1d9       1%          1
b - Vampiric Draining     Necr           35%        2d11      1%          3
c - Agony                 Necr           70%        N/A       1%          5
d - Animate Dead          Necr           35%        N/A       1%          4
e - Sublimation of Blood  Necr           35%        N/A       1%          2
f - Inner Flame           Hex/Fire       25%        N/A       9%          3

Your spell library contained the following spells:

 Spells                   Type           Power      Damage    Failure   Level
 Animate Skeleton         Necr           100%       N/A       1%          1
 Cause Fear               Hex            15%        N/A       17%         4
 Discord                  Hex            15%        N/A       100%        8


Dungeon Overview and Level Annotations

Branches:
Dungeon (11/15)            Temple (1/1) D:6            Lair (1/6) D:8
Gauntlet (1/1)
    Orc: D:9-12

Altars:
Ashenzari
Cheibriados
Dithmenos
Elyvilon
Fedhas
Gozag
Hepliaklqana
Kikubaaqudgha
Makhleb
Nemelex Xobeh
Okawaru
Qazlal
Ru
Sif Muna
Trog
Uskayaw
Vehumet
Wu Jian
Xom
Yredelemnul
Zin
The Shining One

Shops:
D:3 (   D:4 *   D:8 *

Annotations:
D:10 2 runed translucent doors
Lair:1 Fannar Gauntlet 11 transporters


Innate Abilities, Weirdness & Mutations

You have large cloven feet.
You tend to lose your temper in combat.


Message History

The silver javelin pierces through you!!
The silver sears you!
The minotaur throws a silver javelin.
The silver javelin closely misses you.
The minotaur hits you but does no damage.
You feel drained. The minotaur gores you!
Casting: Vampiric Draining (safe; 1% risk of failure)
Confirm with . or Enter, or press ? or * to list all spells.
Aiming: Vampiric Draining (safe; 1% risk of failure)
Press: ? - help, Shift-Dir - straight line, f/p - minotaur
Aim: a minotaur, wielding the +4 morningstar of Pawkue Piyck {drain, rN+++ Str-5 Stlth+}, wearing a +6 plate armour of ponderousness and quivering silver javelins The minotaur is unaffected.
The minotaur hits you with the +4 morningstar of Pawkue Piyck {drain, rN+++ Str-5 Stlth+}.
You feel drained. The minotaur barely misses you.
Casting: Vampiric Draining (safe; 1% risk of failure)
Confirm with . or Enter, or press ? or * to list all spells.
Aiming: Vampiric Draining (safe; 1% risk of failure)
Press: ? - help, Shift-Dir - straight line, f/p - minotaur
Aim: a minotaur, wielding the +4 morningstar of Pawkue Piyck {drain, rN+++ Str-5 Stlth+}, wearing a +6 plate armour of ponderousness and quivering silver javelins The minotaur is unaffected.
The minotaur hits you with the +4 morningstar of Pawkue Piyck {drain, rN+++ Str-5 Stlth+}.
You feel drained.
* * * LOW HITPOINT WARNING * * *
The minotaur closely misses you.
Casting: Vampiric Draining (safe; 1% risk of failure)
Confirm with . or Enter, or press ? or * to list all spells.
Aiming: Vampiric Draining (safe; 1% risk of failure)
Press: ? - help, Shift-Dir - straight line, f/p - minotaur
Aim: a minotaur, wielding the +4 morningstar of Pawkue Piyck {drain, rN+++ Str-5 Stlth+}, wearing a +6 plate armour of ponderousness and quivering silver javelins The minotaur is unaffected.
The minotaur hits you with the +4 morningstar of Pawkue Piyck {drain, rN+++ Str-5 Stlth+}.
* * * LOW HITPOINT WARNING * * *
You feel drained.
* * * LOW HITPOINT WARNING * * *
The minotaur gores you.
* * * LOW HITPOINT WARNING * * *
The minotaur throws a silver javelin.
The silver javelin pierces through you!!!
Ouch! That really hurt!
You die...
Kikubaaqudgha rasps: "You have failed me!
Welcome... death!"

≈≈≈≈ ≈∩≈ ... ##.### ....
#######'####### #.....H††.....#
#.###.###.###.# #.###@###.###.#
#.............# ###.###.###.###
#####.###.###.#####
##≈...............≈##
#≈≈..8©8©8©8©8©8..≈≈#
#≈...............≈## ### ###
################### ###
##≈###≈###.................###≈##


You could see a minotaur.

Vanquished Creatures
  Harold (D:7)
  2 boulder beetles (D:8)
  A two-headed ogre (D:9)
  Pikel (D:6)
  2 cane toads (Lair:1)
  A queen bee (Gauntlet)
  A hornet (D:10)
  Grinder (D:3)
  Prince Ribbit (D:5)
  A shadow (D:10)
  Eustachio (D:5)
  10 yaks
  2 wyverns
  An acid dragon (D:8)
  5 orc warriors
  A sky beast (D:6)
  Duvessa (D:4)
  2 ice beasts
  3 ogres
  3 centaurs
  A kobold brigand (D:7)
  5 bullfrogs
  2 scorpions
  A gnoll sergeant (D:6)
  Dowan (D:4)
  6 killer bees
  5 howler monkeys
  A bullfrog zombie (D:6)
  6 orc priests
  2 hounds
  A bullfrog skeleton (D:5)
  A centaur skeleton (D:7)
  Crazy Yiuf (D:4)
  5 iguanas
  6 orc wizards
  Natasha (twice) (D:2)
  3 howler monkey zombies
  4 gnolls (D:6)
  11 adders
  A shadow imp (D:7)
  A white imp (D:7)
  An adder skeleton (D:4)
  7 worms
  3 dart slugs
  44 orcs
  7 ball pythons
  7 endoplasms
  3 giant cockroaches
  9 goblins
  8 hobgoblins
  6 jackals (D:2)
  11 kobolds
  3 quokkas
  6 bats
  5 frilled lizards
  9 rats
236 creatures vanquished.

Vanquished Creatures (collateral kills)
  A meliai zombie (D:10)
  A shadow (D:10)
  3 orcs (D:8)
  A hobgoblin (D:4)
6 creatures vanquished.

Vanquished Creatures (others)
  A water elemental (D:10)
  An air elemental (D:10)
  2 fungi (Lair:1)
  A plant (Lair:1)
5 creatures vanquished.

Grand Total: 247 creatures vanquished

Notes
Turn   | Place    | Note
-------+----------+-------------------------------------------
     0 | D:1      | bobarctor the Deep Elf Necromancer began the quest for the
                  | Orb.
     0 | D:1      | Reached XP level 1. HP: 10/10 MP: 6/6
    19 | D:1      | Reached skill level 5 in Necromancy
   505 | D:1      | Reached XP level 2. HP: 13/15 MP: 6/8
  1629 | D:2      | Reached XP level 3. HP: 17/19 MP: 7/10
  1633 | D:2      | Learned a level 3 spell: Vampiric Draining
  1689 | D:2      | Noticed Natasha
  1839 | D:2      | Reached skill level 4 in Spellcasting
  2134 | D:2      | Found a faded altar of an unknown god.
  2289 | D:2      | Reached XP level 4. HP: 20/24 MP: 8/12
  2437 | D:2      | Found a snail-covered altar of Cheibriados.
  2532 | D:2      | Killed Natasha
  2533 | D:2      | Reached skill level 1 in Fighting
  3242 | D:2      | Reached skill level 5 in Spellcasting
  3309 | D:2      | Reached XP level 5. HP: 28/29 MP: 3/14
  3440 | D:2      | Noticed Natasha
  3444 | D:2      | Killed Natasha
  3842 | D:3      | Found Pono's Antique Weapon Emporium.
  3941 | D:3      | Found a basalt altar of Yredelemnul.
  4089 | D:3      | Learned a level 5 spell: Agony
  4104 | D:3      | Learned a level 4 spell: Animate Dead
  4140 | D:3      | Noticed Grinder
  4269 | D:4      | Reached skill level 1 in Armour
  4269 | D:4      | Reached skill level 6 in Spellcasting
  4336 | D:4      | Noticed a wyvern
  4393 | D:4      | Killed a wyvern
  4394 | D:4      | Reached XP level 6. HP: 17/34 MP: 8/17
  4573 | D:4      | Reached skill level 7 in Spellcasting
  4791 | D:4      | Noticed an orc warrior
  4802 | D:4      | Killed an orc warrior
  4803 | D:4      | Reached XP level 7. HP: 20/38 MP: 12/20
  5021 | D:4      | Noticed Duvessa
  5021 | D:4      | Noticed Dowan
  5042 | D:4      | Killed Duvessa
  5043 | D:4      | Reached skill level 8 in Spellcasting
  5045 | D:4      | Killed Dowan
  5326 | D:4      | Found a blossoming altar of Fedhas.
  5400 | D:4      | Found a runed translucent door.
  5401 | D:4      | Noticed Crazy Yiuf
  5561 | D:4      | Found Geolokum's General Store.
  5564 | D:4      | Bought a scroll of identify for 26 gold pieces
  5564 | D:4      | Bought a scroll of identify for 26 gold pieces
  5948 | D:4      | Reached skill level 9 in Spellcasting
  6150 | D:4      | Killed Crazy Yiuf
  6313 | D:5      | Entered Level 5 of the Dungeon
  6324 | D:5      | Noticed Prince Ribbit
  6342 | D:5      | Killed Prince Ribbit
  6343 | D:5      | Reached XP level 8. HP: 28/43 MP: 15/23
  6480 | D:5      | Reached skill level 10 in Spellcasting
  6585 | D:5      | Noticed Eustachio
  6611 | D:5      | Killed Eustachio
  7145 | D:5      | Reached skill level 11 in Spellcasting
  7474 | D:6      | Noticed Pikel
  7835 | D:6      | Killed Pikel
  7836 | D:6      | Reached skill level 12 in Spellcasting
  7836 | D:6      | Reached XP level 9. HP: 40/47 MP: 15/27
  8334 | D:6      | Gained mutation: You are dopey. (Int -2) [potion of
                  | mutation]
  8334 | D:6      | Gained mutation: You are agile. (Dex +2) [potion of
                  | mutation]
  8335 | D:6      | Lost mutation: You are agile. (Dex +2) [potion of mutation]
  8335 | D:6      | Lost mutation: You are dopey. (Int -2) [potion of mutation]
  8335 | D:6      | Gained mutation: You tend to lose your temper in combat.
                  | [potion of mutation]
  8335 | D:6      | Gained mutation: You have large cloven feet. [potion of
                  | mutation]
  8661 | D:6      | Found a staircase to the Ecumenical Temple.
  8671 | Temple   | Entered the Ecumenical Temple
  8734 | Temple   | Became a worshipper of Kikubaaqudgha
  9171 | D:7      | Reached skill level 13 in Spellcasting
  9205 | D:7      | Found a burning altar of Makhleb.
  9372 | D:7      | Noticed Harold
  9387 | D:7      | Killed Harold
  9388 | D:7      | Reached skill level 10 in Necromancy
  9854 | D:7      | Identified the +6 flail "Fullovo" {protect, rF++ Will+
                  | Dex-4}
 10209 | D:3      | Killed Grinder
 10210 | D:3      | Reached XP level 10. HP: 51/52 MP: 29/29
 10394 | D:8      | Noticed a boulder beetle
 10433 | D:8      | Killed a boulder beetle
 10434 | D:8      | Reached skill level 14 in Spellcasting
 10521 | D:8      | Found Kirghacra's Elemental Accessories.
 10591 | D:8      | Reached * piety under Kikubaaqudgha
 10591 | D:8      | Received a gift from Kikubaaqudgha
 10779 | D:8      | Found a staircase to the Lair.
 10869 | D:8      | Noticed a boulder beetle
 10882 | D:8      | Killed a boulder beetle
 10994 | D:8      | Found a glowing silver altar of Zin.
 11054 | D:8      | Found a sacrificial altar of Ru.
 11083 | D:8      | Found a glowing golden altar of the Shining One.
 11085 | D:8      | Found a stormy altar of Qazlal.
 11516 | D:8      | Reached skill level 15 in Spellcasting
 11742 | D:9      | Found a bloodstained altar of Trog.
 12204 | D:9      | Noticed a two-headed ogre
 12214 | D:9      | Killed a two-headed ogre
 12215 | D:9      | Reached XP level 11. HP: 53/57 MP: 15/32
 12324 | D:9      | Identified the +3 long sword of Itubru {flame, rF+ Will+}
 12933 | D:9      | Learned a level 2 spell: Sublimation of Blood
 12937 | D:9      | Learned a level 3 spell: Inner Flame
 12955 | D:9      | Reached skill level 16 in Spellcasting
 13048 | D:10     | Entered Level 10 of the Dungeon
 13309 | Lair:1   | Entered Level 1 of the Lair of Beasts
 13476 | Lair:1   | Noticed an eight-headed hydra
 13622 | Lair:1   | Noticed Fannar
 13879 | Lair:1   | Reached skill level 1 in Hexes
 14443 | D:10     | Found a white marble altar of Elyvilon.
 14666 | D:10     | Paralysed by a hornet for 2 turns
 15185 | D:10     | Reached ** piety under Kikubaaqudgha
 15331 | D:10     | Found a large runed translucent door.
 15331 | D:10     | Found a large runed translucent door.
 16112 | D:11     | Found a gate leading to a gauntlet.
 16121 | Gauntlet | Entered a Gauntlet
 16121 | Gauntlet | Found a transporter.
 16134 | Gauntlet | Found a transporter.
 16134 | Gauntlet | Found a transporter.
 16135 | Gauntlet | Found a transporter.
 16143 | Gauntlet | Found a transporter.
 16146 | Gauntlet | Found a transporter.
 16147 | Gauntlet | Found a transporter.
 16149 | Gauntlet | Noticed a sixfirhy
 16158 | Gauntlet | Found a transporter.
 16158 | Gauntlet | Found a transporter.
 16159 | Gauntlet | Found a transporter.
 16167 | Gauntlet | Found a transporter.
 16169 | Gauntlet | Noticed a fire crab
 16170 | Gauntlet | Found a transporter.
 16171 | Gauntlet | Found a transporter.
 16184 | Gauntlet | Found a transporter.
 16477 | Gauntlet | Identified the +4 morningstar of Pawkue Piyck {drain, rN+++
                  | Str-5 Stlth+}
 16477 | Gauntlet | Noticed a minotaur
 16487 | Gauntlet | Hit by a silver javelin thrown by a minotaur

Illustrated notes

Levels and vault maps discovered:
D:1:      dpeg_arrival_shrine, layout_basic, serial_park_tiny_1,
          chequers_serial_rivers_micro_b
D:2:      kennysheep_six_static_rooms, layout_loops_ring, basic_altar,
          basic_ecumenical_altar, minmay_surrounded, uniq_natasha
D:3:      layout_basic, marbit_many_paths, serial_shops,
          nicolae_shop_overgrown_old_shop, hex_tiny, uniq_grinder
D:4:      layout_loops_ring, old_standard_altar, serial_shops, shop,
          guppyfry_early_orc_mine, uniq_duvessa, uniq_crazy_yiuf_cottage
D:5:      layout_loops_ring, uniq_prince_ribbit1, uniq_eustachio
D:6:      layout_basic, minmay_temple_entry_butterflies, uniq_pikel
D:7:      layout_loops_ring, lemuel_doored_altar, uniq_harold
D:8:      layout_cave_pools, chequers_temple_overflow_statue_of_worship,
          mainiacjoe_overflow_tiny_flanked, nicolae_ru_the_path_less_chosen,
          dpeg_oklobed_lair, special_room [special_room_orc],
          nicolae_elemental_shop, chequers_serial_rivers_large_b
D:9:      layout_loops_ring, trog_three_pillars_becter, minmay_holes
D:10:     layout_grid_maze, nicolae_elyvilon_temple_path,
          lightli_elemental_guards
D:11:     layout_cave_pools, serial_park, serial_park_tiny_2, serial_park_paths
          [serial_park_minivault_5x5_8], serial_park_square2, enter_bailey_5,
          serial_shops, shop, gauntlet_entry_generic, portal_ice_cave_rime
Temple:   nicolae_temple_god_jail
Lair:1:   layout_regular_city, st_stairs_12, beast_lair_carwin_4, uniq_fannar
Gauntlet: gammafunk_gauntlet_77_escape_option [minmay_gauntlet_arena_77_box,
          minmay_gauntlet_arena_77_fan, minmay_gauntlet_arena_77_double_cross,
          minmay_gauntlet_arena_77_block_sizes,
          minmay_gauntlet_arena_77_p_blocks, gauntlet_exit_watery]

Skill      XL: |  1  2  3  4  5  6  7  8  9 10 11 |
---------------+----------------------------------+-----
Necromancy     | 5 6 7 9 11 12 13 | 13.1
Spellcasting   | 4 5 6 7 9 12 13 15 16 | 16.4
Fighting       | 1 2 |  2.1
Stealth        | 3 |  3.4
Armour         | 1 2 |  2.0
Dodging        | 3 4 |  4.2
Hexes          | 2 |  2.3

Action                   |  1- 3 |  4- 6 |  7- 9 | 10-12 || total
-------------------------+-------+-------+-------+-------++-------
Melee: Dagger            |     3 |     1 |       |       ||     4
       Flail             |       |       |    14 |   153 ||   167
       Quarterstaff      |       |       |     8 |       ||     8
       Hand axe          |       |       |    31 |       ||    31
       Kick              |       |       |    16 |    10 ||    26
 Fire: Hunting sling     |       |       |     7 |       ||     7
Throw: Stone             |     1 |       |       |     1 ||     2
       Dart              |     1 |       |     4 |     7 ||    12
 Cast: Pain              |    73 |    96 |   131 |    52 ||   352
       Vampiric Draining |       |     9 |    50 |    78 ||   137
       Agony             |       |     4 |    26 |    28 ||    58
       Animate Dead      |       |     3 |       |     6 ||     9
Invok: Receive Corpses   |       |       |       |     5 ||     5
Evoke: Wand              |       |       |       |     1 ||     1
  Use: Scroll            |       |       |    12 |    11 ||    23
       Potion            |       |       |     2 |       ||     2
 Stab: Distracted        |       |     1 |       |       ||     1
       Sleeping          |       |       |     1 |     1 ||     2
Armor: Leather armour    |       |     3 |    53 |   192 ||   248
Dodge: Dodged            |     3 |    18 |    96 |   212 ||   329
